 Dungeon Crawl Stone Soup version 0.20.0-8-g6b59dc7 (webtiles) character file.

200 grindst0ne the Sneak (level 5, 0/55 HPs)
             Began as an Octopode Assassin on June 2, 2017.
             Succumbed to a worker ant's poison
             ... on level 4 of the Dungeon.
             The game lasted 00:07:05 (2963 turns).

grindst0ne the Sneak (Octopode Assassin)            Turns: 2963, Time: 00:07:06

Health: 0/55       AC: 22    Str: 11    XL:     5   Next: 78%
Magic:  5/5        EV:  2    Int: 13    God:
Gold:   137        SH:  0    Dex: 18    Spells: 4/4 levels left

rFire    . . .     SeeInvis .   a - +2 dagger
rCold    . . .     Gourm    .   (no shield)
rNeg     + + +     Faith    .   (helmet currently unavailable)
rPois    +         Spirit   .   m - amulet of harm
rElec    .         Reflect  .   e - +4 ring of dexterity
rCorr    .         Harm     +   (no ring)
MR       .....     NoTele   +   (no ring)
Stlth    ++++......             (no ring)
Regen    0.2/turn               (no ring)
MPRegen  0.1/turn               (no ring)
                                (no ring)
                                (no ring)

@: lethally poisoned (0 -> -7), tree-form
A: almost no armour, stealthy swim, (amphibious), 8 rings, (constrict 8)
a: no special abilities


You were on level 4 of the Dungeon.
You were not hungry.
You were a tree.
You visited 1 branch of the dungeon, and saw 4 of its levels.

You collected 137 gold pieces.

Inventory:

Hand Weapons
 a - a +2 dagger (weapon)
Missiles
 c - 28 poisoned needles
 d - 2 curare-tipped needles
Jewellery
 e - a +4 ring of dexterity (left branch)
 m - an amulet of harm (around neck)
Scrolls
 j - 2 scrolls of immolation
 l - 4 scrolls of remove curse
Potions
 h - 2 potions of degeneration
 o - a potion of haste
Comestibles
 f - 3 bread rations
 g - 3 meat rations
 i - a royal jelly


   Skills:
 - Level 4.1 Fighting
 - Level 2.0 Short Blades
 - Level 2.0 Throwing
 - Level 1.0 Dodging
 + Level 7.9 Stealth


You had 4 spell levels left.
You didn't know any spells.

Dungeon Overview and Level Annotations

Branches:
Dungeon (4/15)
 Temple: D:4-7

Altars:
Qazlal
Sif Muna


Innate Abilities, Weirdness & Mutations

You cannot wear most types of armour.
You are very stealthy in the water. (Stealth+)
((You are amphibious.))
You can wear up to eight rings at the same time.
((You can use your tentacles to constrict eight enemies at once.))
((Your skin changes colour to match your surroundings (Stealth+).))
((Your rubbery body absorbs attacks. (AC +1, EV +1)))


Message History

You feel sick.
The worker ant bites you but does no damage.
You hit the worker ant.
The worker ant is severely wounded.
* * * LOW HITPOINT WARNING * * *
You feel sick.
The worker ant bites you but does no damage. x2
You closely miss the worker ant.
The worker ant is severely wounded.
* * * LOW HITPOINT WARNING * * *
You feel sick.
The worker ant bites you but does no damage.
You closely miss the worker ant.
The worker ant is severely wounded.
* * * LOW HITPOINT WARNING * * *
You feel sick.
The worker ant bites you but does no damage.
You barely miss the worker ant.
The worker ant is severely wounded.
You die...

#.# #.#
#.## #).
#.. #.# #
#a# .#
#♣# ..#
##.##...#
#...<..#
#..##.##
#..# #
#..# #..#
#..#
#..##.###


You could see a worker ant.

Vanquished Creatures
  An ogre (D:4)
  A scorpion (D:3)
  An adder (D:3)
  A worm (D:2)
  A dart slug (D:1)
  4 leopard geckos
  4 orcs (D:3)
  5 bats
  3 giant cockroaches
  9 goblins
  2 hobgoblins
  3 jackals (D:3)
  A ball python (D:3)
  6 frilled lizards
  5 kobolds
  6 rats
53 creatures vanquished.

Notes
Turn   | Place    | Note
-------+----------+-------------------------------------------
     0 | D:1      | grindst0ne the Octopode Assassin began the quest for the Orb.
     0 | D:1      | Reached XP level 1. HP: 14/14 MP: 1/1
   219 | D:1      | Reached XP level 2. HP: 15/20 MP: 2/2
   951 | D:2      | Reached XP level 3. HP: 26/26 MP: 3/3
  1106 | D:2      | Found a stormy altar of Qazlal.
  1820 | D:3      | Found a deep blue altar of Sif Muna.
  2326 | D:3      | Reached XP level 4. HP: 31/33 MP: 4/4
  2653 | D:3      | Reached skill level 6 in Stealth
  2653 | D:3      | Reached XP level 5. HP: 27/37 MP: 5/5
  2932 | D:4      | Noticed an ogre
  2949 | D:4      | Killed an ogre
  2949 | D:4      | Reached skill level 7 in Stealth
  2961 | D:4      | HP: 2/55 [poisoned by a worker ant]
  2963 | D:4      | Succumbed to a worker ant's poison

Skill      XL: |  1  2  3  4  5 |
---------------+----------------+-----
Fighting       | 3 4 |  4.1
Stealth        | 6 7 |  7.9
Short Blades   | |  2.0
Throwing       | |  2.0
Dodging        | |  1.0

Action                   |  1- 3 |  4- 6 || total
-------------------------+-------+-------++-------
Melee: Dagger            |    81 |    39 ||   120
       Constrict         |    21 |     1 ||    22
       Tentacles         |    10 |     2 ||    12
  Use: Scroll            |     6 |     2 ||     8
       Potion            |       |     1 ||     1
 Stab: Sleeping          |    11 |     6 ||    17
  Eat: Chunk             |     4 |     2 ||     6
Armor: Skin              |     8 |    16 ||    24
Dodge: Dodged            |    55 |     4 ||    59
